 Dungeon Crawl Stone Soup version 0.30-a0-457-g4b7bca3bfa (webtiles) character file.

Game seed: 5427265500526492512

282 zishaf the Gusty (level 6, 0/37 HPs)
             Began as a Tengu Air Elementalist on Dec 13, 2022.
             Slain by an orc
             ... wielding a +0 flail
              (9 damage)
             ... on level 4 of the Dungeon.
             The game lasted 00:06:25 (3515 turns).

zishaf the Gusty (Tengu Air Elementalist)           Turns: 3515, Time: 00:06:26

Health: 0/37       AC:  3    Str:  6 (8)  XL:     6   Next: 28%
Magic:  1/10       EV: 14    Int: 18      God:
Gold:   383        SH:  4    Dex: 14      Spells: 6/9 levels left

rFire   . . .      SeeInvis .    (no weapon)
rCold   . . .      Faith    +    p - +0 buckler
rNeg    . . .      Spirit   .    a - +0 robe
rPois   .          Reflect  .    (helmet restricted)
rElec   .          Harm     .    (no cloak)
rCorr   .          Rampage  .    q - +0 pair of gloves
Will    .....                    (boots unavailable)
Stlth   ++........               k - amulet of faith
HPRegen 0.26/turn                (no ring)
MPRegen 0.12/turn                (no ring)

@: flying quickly and evasively, slow
A: beak, talons 3, nimble flight
a: no special abilities


You were on level 4 of the Dungeon.
You visited 1 branch of the dungeon, and saw 4 of its levels.
You also visited: Ossuary.

You collected 413 gold pieces.
You spent 30 gold pieces at shops.

Inventory:

Missiles
 e - 2 throwing nets
Armour
 a - a +0 robe (worn)
 p - a +0 buckler (worn)
 q - a +0 pair of gloves (worn)
Jewellery
 k - an amulet of faith (around neck)
Scrolls
 d - a scroll of noise {unknown}
 f - 4 scrolls of identify {unknown}
 i - a scroll of enchant weapon {unknown}
 m - a scroll of blinking {unknown}
 t - a scroll of summoning {unknown}
 u - a scroll of teleportation {unknown}
 w - a scroll of immolation {unknown}
 y - a scroll of silence {unknown}
Potions
 b - 4 potions of magic
 c - 3 potions of curing
 g - 2 potions of degeneration {unknown}
 h - 2 potions of brilliance {unknown}
 j - a potion of heal wounds {unknown}
 l - 2 potions of might {unknown}
 n - 2 potions of lignification {unknown}
 o - 3 potions of flight {unknown}
 r - a potion of attraction {unknown}
 s - a potion of resistance {unknown}
 v - a potion of ambrosia {unknown}
 x - a potion of invisibility {unknown}


   Skills:
 + Level 3.0 Fighting
 - Level 2.1 Dodging
 - Level 2.0 Stealth
 + Level 1.9 Shields
 - Level 2.0 Spellcasting
 + Level 4.4 Conjurations
 + Level 5.8 Air Magic


You had 6 spell levels left.
You knew the following spells:

 Your Spells              Type           Power      Damage    Failure   Level
a - Shock                 Conj/Air       80%        1d8       3%          1
A - Static Discharge      Conj/Air       40%        2-4/arc   4%          2

Your spell library contained the following spells:

 Spells                   Type           Power      Damage    Failure   Level
 Swiftness                Air            22%        N/A       6%          3
 Airstrike                Air            11%        2d(2-18)  22%         4
 Dazzling Flash           Conj/Hex       18%        N/A       28%         3
 Iskenderun's Mystic Bla  Conj/Tloc      9%         2d4       67%         4
 Starburst                Conj/Fire      4%         6d4       100%        6


Dungeon Overview and Level Annotations

Branches:
Dungeon (4/15)            Ossuary (visited)
 Temple: D:4-7

Altars:
Cheibriados
Fedhas
Wu Jian
The Shining One

Shops:
D:3 !


Innate Abilities, Weirdness & Mutations

You have a beak for a mouth.
You have claws for feet.
Your magical nature lets you fly swiftly and evasively.


Message History

Confirm with . or Enter, or press ? or * to list all spells.
Aiming: Shock (safe; 3% risk of failure)
Press: ? - help, Shift-Dir - straight line, f/p - orc priest
Aim: an orc priest, wielding a +0 falchion (moderately wounded, 71% to hit)
The zap hits the orc priest.
The orc priest is heavily wounded.
An orc comes into view. It is wielding a +0 flail.
Casting: Shock (safe; 3% risk of failure)
Confirm with . or Enter, or press ? or * to list all spells.
Aiming: Shock (safe; 3% risk of failure)
Press: ? - help, Shift-Dir - straight line, f/p - orc priest
Aim: an orc priest, wielding a +0 falchion (heavily wounded, 71% to hit)
The zap hits the orc priest.
The orc priest is almost dead.
The orc priest mumbles some strange prayers to Beogh against you.
You barely resist.
Casting: Shock (safe; 3% risk of failure)
Confirm with . or Enter, or press ? or * to list all spells.
Aiming: Shock (safe; 3% risk of failure)
Press: ? - help, Shift-Dir - straight line, f/p - orc priest
Aim: an orc priest, wielding a +0 falchion (almost dead, 71% to hit)
The zap hits the orc priest!
You kill the orc priest!
Casting: Shock (safe; 3% risk of failure)
Confirm with . or Enter, or press ? or * to list all spells.
Aiming: Shock (safe; 3% risk of failure)
Press: ? - help, Shift-Dir - straight line, f - orc
Aim: an orc, wielding a +0 flail and wearing a +0 chain mail (79% to hit)
The zap hits the orc.
The orc is severely wounded.
The orc misses you.
Casting: Shock (safe; 3% risk of failure)
Confirm with . or Enter, or press ? or * to list all spells.
Aiming: Shock (safe; 3% risk of failure)
Press: ? - help, Shift-Dir - straight line, f/p - orc
Aim: an orc, wielding a +0 flail and wearing a +0 chain mail (severely wounded, 79% to hit)
The zap hits the orc.
The orc is severely wounded.
The zap misses the orc.
The orc hits you with a +0 flail!
You die...

#. ####.#
#..#..#.#
#..#..#.#
#..#..#.#
#...<.#.#
##...##.#
#o.....#
#o##..######
#@###......#
#.# ######.#
#.# #.## #.#
#..## #.#
##..# #.#
##.## #.#
#..# #.#
##.# #.# #.#


You could see 2 orcs.

Vanquished Creatures
  A scorpion (D:4)
  An orc priest (D:4)
  8 mummies (Ossuary)
  A gnoll (D:1)
  2 adders (D:2)
  A worm (D:2)
  An orc (D:3)
  7 bats
  8 endoplasms
  2 giant cockroaches
  4 gnoll zombies (Ossuary)
  2 goblins
  7 hobgoblins
  5 kobolds
  2 quokkas
  6 ball pythons
  2 kobold zombies (Ossuary)
  2 orc zombies (Ossuary)
  6 rats (D:1)
68 creatures vanquished.

Notes
Turn   | Place    | Note
-------+----------+-------------------------------------------
     0 | D:1      | zishaf the Tengu Air Elementalist began the quest for the
                  | Orb.
     0 | D:1      | Reached XP level 1. HP: 10/10 MP: 4/4
   158 | D:1      | Reached skill level 1 in Fighting
   158 | D:1      | Reached XP level 2. HP: 3/16 MP: 0/6
   418 | D:1      | Reached XP level 3. HP: 20/20 MP: 3/7
  1062 | D:2      | Learned a level 2 spell: Static Discharge
  1225 | D:2      | Reached XP level 4. HP: 24/26 MP: 3/8
  1711 | D:2      | Reached skill level 5 in Air Magic
  1854 | D:3      | Found Zuekhlow's Distillery.
  1862 | D:3      | Bought a potion of curing for 30 gold pieces
  2143 | D:3      | Found an ornate altar of the Wu Jian Council.
  2143 | D:3      | Found a glowing golden altar of the Shining One.
  2238 | D:3      | Found a faded altar of an unknown god.
  2269 | D:3      | Found a blossoming altar of Fedhas.
  2583 | D:3      | Prayed at the altar of an unknown god.
  2583 | D:3      | Became a worshipper of Cheibriados the Contemplative
  2583 | D:3      | Reached * piety under Cheibriados
  2584 | D:3      | Fell from the grace of Cheibriados
  2612 | D:4      | Noticed a scorpion
  2617 | D:4      | Killed a scorpion
  2618 | D:4      | Reached skill level 1 in Shields
  2618 | D:4      | Gained mutation: Your magical nature lets you fly swiftly
                  | and evasively. [Tengu growth]
  2618 | D:4      | Reached XP level 5. HP: 7/31 MP: 0/9
  2670 | D:4      | Found a sand-covered staircase.
  2723 | Ossuary  | Entered an ossuary
  3157 | Ossuary  | Reached XP level 6. HP: 36/36 MP: 4/10
  3515 | D:4      | Slain by an orc

Illustrated notes

Levels and vault maps discovered:
D:1:      lightli_arrival_quake, layout_basic, dreamdust_princess_corridor,
          nicolae_figureground_sparkle
D:2:      layout_rooms, corexii_shack
D:3:      layout_loops_ring, nicolae_overflow_ecumenical_swirl,
          gammafunk_temple_overflow_wave, serial_shops, shop
D:4:      layout_basic, chequers_ossuary_entry_cave, minmay_goblin_outpost

Skill      XL: |  1  2  3  4  5  6 |
---------------+-------------------+-----
Fighting       | 1 2 3 |  3.0
Conjurations   | 2 3 4 |  4.4
Air Magic      | 5 |  5.8
Shields        | 1 |  1.9
Dodging        | |  2.1
Stealth        | |  2.0
Spellcasting   | |  2.0

Action                   |  1- 3 |  4- 6 || total
-------------------------+-------+-------++-------
Melee: Unarmed           |    14 |    24 ||    38
       Kick              |     5 |    13 ||    18
       Peck              |     1 |     8 ||     9
 Cast: Shock             |    60 |    75 ||   135
       Static Discharge  |       |    14 ||    14
Invok: Renounce Religion |       |     1 ||     1
 Stab: Sleeping          |       |     1 ||     1
Armor: Robe              |    11 |     3 ||    14
Dodge: Dodged            |    24 |    12 ||    36
Block: Buckler           |       |     3 ||     3

Table legend: (Time is in decaauts)
 A = Elapsed time spent in this place.
 B = Non-inter-level travel time spent in this place.
 C = Inter-level travel time spent in this place.
 D = Time resting spent in this place.
 E = Time spent auto-exploring this place.
 F = Levels seen in this place.
 G = Mean time per level.
                   A        B        C        D        E       F      G
               +--------+--------+--------+--------+--------+-----+--------+
         Total |   3604 |   3462 |    142 |    293 |   2584 |   5 |  720.8 |
       Dungeon |   2877 |   2735 |    142 |     73 |   2284 |   4 |  719.2 |
       Ossuary |    727 |    727 |      0 |    220 |    300 |   1 |  727.0 |
               +--------+--------+--------+--------+--------+-----+--------+

Top non-repeatable levels by time:
     D:1: 1055 daAuts
     D:3: 826 daAuts
     D:2: 739 daAuts
 Ossuary: 727 daAuts
     D:4: 255 daAuts
